 Dungeon Crawl Stone Soup version 0.16-a0-4127-g24fbb24 (webtiles) character file.

623 vatarom the Ducker (level 7, -3/59 HPs)
             Began as a Troll Monk on Mar 2, 2015.
             Was a Believer of Ashenzari.
             Shot with an arrow by a centaur (10 damage)
             ... on level 6 of the Dungeon.
             The game lasted 00:06:32 (3259 turns).

vatarom the Ducker (Troll Monk)                     Turns: 3259, Time: 00:06:32

Health: -3/59      AC:  6    Str: 24    XL:     7   Next: 22%
Magic:  3/3        EV: 13    Int:  6    God:    Ashenzari [**....]
Gold:   197        SH:  0    Dex: 14    Spells: 0 memorised, 6 levels left

rFire  . . .     SeeInvis .       - Unarmed
rCold  . . .     Clarity  .     a - +0 robe
rNeg   . . .     SustAb   .     (shield restricted)
rPois  .         Gourm    +     (helmet restricted)
rElec  .         Spirit   .     (no cloak)
rCorr  .         Warding  .     (gloves unavailable)
rMut   .         Stasis   .     (boots unavailable)
MR     .....                    (no amulet)
Stlth  ++........               (no ring)
                                f - +4 ring of strength (curse)

@: not resistant to hostile enchantments, unstealthy
A: unfitting armour, claws 3, blurry vision 1, fast metabolism 3, frail 1,
gourmand, regeneration 2, shaggy fur 2, tough skin 2
a: Renounce Religion


You were on level 6 of the Dungeon.
You worshipped Ashenzari.
Ashenzari was pleased with you.
You were not hungry.

You visited 1 branch of the dungeon, and saw 6 of its levels.

You collected 197 gold pieces.

Inventory:

Armour
 a - a +0 robe (worn)
Jewellery
 f - a cursed +4 ring of strength (left claw)
 o - an uncursed amulet of clarity
Scrolls
 e - a scroll of curse jewellery
 h - a scroll of fear
 i - a scroll of curse weapon
 j - 4 scrolls of identify
 k - a scroll of remove curse
Potions
 d - a potion of restore abilities
Books
 b - a book of Necromancy

   Spells                             Type                      Level
   a - Pain                           Necromancy                   1
   b - Animate Skeleton               Necromancy                   1
   c - Vampiric Draining              Necromancy                   3
   d - Regeneration                   Charms/Necromancy            3
   e - Animate Dead                   Necromancy                   4
   f - Control Undead                 Necromancy                   4
Comestibles
 c - a bread ration
 g - a beef jerky
 l - 2 meat rations
 m - a slice of pizza


   Skills:
 - Level 2.4 Fighting
 + Level 7.0 Dodging
 - Level 1.1 Stealth
 - Level 4.0 Unarmed Combat


You had 6 spell levels left.
You didn't know any spells.

Dungeon Overview and Level Annotations

Branches:
Dungeon (6/15)
 Temple: D:4-7

Altars:
Ashenzari
Fedhas
Kikubaaqudgha
Sif Muna
Xom
Zin
The Shining One

Annotations:
D:6 Grinder


Innate Abilities, Weirdness & Mutations

You are too large for most types of armour.
You have claws for hands.
Your metabolism is lightning-fast.
You like to eat raw meat.
You heal very quickly.
You are covered in thick fur (AC +2).
You have very tough skin (AC +2).
Scrolls take you a little longer to read.
You are frail (-10% HP).


Message History

The centaur shoots an arrow.
The arrow closely misses you.
You see here an arrow.
The centaur shoots an arrow.
The arrow barely misses you.
Found an uncursed ring mail.
The centaur unwields an uncursed shortbow.
The centaur closely misses you.
You claw the centaur!
The centaur begins to bleed from its wounds!
The centaur is moderately wounded.
The centaur barely misses you.
The centaur hits you but does no damage. x2
The ogre closely misses you. The centaur completely misses you.
You scratch the centaur.
The centaur is moderately wounded.
The centaur barely misses you. The centaur hits you!
* * * LOW HITPOINT WARNING * * *
The centaur wields an uncursed shortbow.
The centaur shoots an arrow.
The arrow hits you!
You die...

* ##### * #....#
* #.[..## * ,
+.....# *
*#.....# *, ∩ ,
+.....# ,
#.....# **
#+#####...c.#
,,*
........@.O.# +
...####.#.#.#,#
* #...#(#.# *
..######(#.# , *
.........#.# ,*
,
...........###.#
*
..#..###5......#
*
#.....<#......#
* *
.....#.#.#.####.


You could see an ogre and a centaur (bleeding).

Vanquished Creatures
  Menkaure (D:4)
  An ogre (D:4)
  3 hounds
  An orc priest (D:5)
  4 worker ants (D:4)
  Robin (D:4)
  7 adders
  4 gnolls (D:3)
  3 giant geckos
  2 oozes
  5 orcs
  9 bats
  8 giant cockroaches
  17 goblins
  8 hobgoblins
  8 kobolds
  A quokka (D:4)
  10 giant newts
  11 rats
104 creatures vanquished.

Notes
Turn   | Place    | Note
--------------------------------------------------------------
     0 | D:1      | vatarom, the Troll Monk, began the quest for the Orb.
     0 | D:1      | Reached XP level 1. HP: 22/22 MP: 1/1
   260 | D:1      | Reached XP level 2. HP: 29/29 MP: 1/1
   877 | D:2      | Reached XP level 3. HP: 36/36 MP: 2/2
  1089 | D:2      | Found a glowing golden altar of the Shining One.
  1134 | D:2      | Gained mutation: Scrolls take you a little longer to read. [potion of mutation]
  1134 | D:2      | Gained mutation: You are covered in thick fur (AC +2). [potion of mutation]
  1134 | D:2      | Gained mutation: You are frail (-10% HP). [potion of mutation]
  1222 | D:2      | Found an ancient bone altar of Kikubaaqudgha.
  1454 | D:3      | Reached XP level 4. HP: 37/39 MP: 2/2
  1485 | D:3      | Found a blossoming altar of Fedhas.
  1486 | D:3      | Found a shimmering altar of Xom.
  1563 | D:3      | Found a shattered altar of Ashenzari.
  1573 | D:3      | Became a worshipper of Ashenzari the Shackled
  1573 | D:3      | Acquired Ashenzari's first power
  1713 | D:3      | Found a glowing silver altar of Zin.
  1816 | D:3      | Reached XP level 5. HP: 42/45 MP: 2/2
  1826 | D:3      | Reached skill level 5 in Dodging
  1841 | D:3      | Found a deep blue altar of Sif Muna.
  2125 | D:4      | Noticed Robin
  2125 | D:4      | Reached XP level 6. HP: 42/53 MP: 3/3
  2128 | D:4      | Noticed Menkaure
  2137 | D:4      | Killed Menkaure
  2137 | D:4      | Reached skill level 6 in Dodging
  2146 | D:4      | Killed Robin
  2759 | D:4      | Noticed an ogre
  2767 | D:4      | Killed an ogre
  2767 | D:4      | Reached XP level 7. HP: 13/59 MP: 3/3
  3118 | D:5      | Entered Level 5 of the Dungeon
  3218 | D:5      | Reached skill level 7 in Dodging
  3225 | D:5      | HP: 2/59 [ogre/giant spiked club (29)]
  3247 | D:6      | Noticed Grinder
  3259 | D:6      | Shot with an arrow by a centaur

Action                   |  1- 3 |  4- 6 |  7- 9 || total
-------------------------+-------+-------+-------++-------
Melee: Unarmed           |   114 |   129 |    22 ||   265
  Use: Potion            |     5 |       |     4 ||     9
       Scroll            |     6 |     3 |       ||     9
 Stab: Sleeping          |     1 |     3 |       ||     4
  Eat: Chunk             |     7 |     2 |       ||     9
       Meat ration       |     2 |       |       ||     2
       Bread ration      |       |     1 |     1 ||     2
